 Dungeon Crawl Stone Soup version 0.30.1-11-g7821555f0a (webtiles) character file.

Game seed: 1604828091063459101

86 SacredBeard the Vexing (level 4, 0/25 HPs)
             Began as a Deep Elf Hexslinger on Nov 2, 2023.
             Killed from afar by a white imp (3 damage)
             ... with a puff of frost
             ... on level 3 of the Dungeon.
             The game lasted 00:04:59 (1921 turns).

SacredBeard the Vexing (Deep Elf Hexslinger)        Turns: 1921, Time: 00:05:00

Health: 0/25       AC:  3    Str:  7    XL:     4   Next: 26%
Magic:  9/9        EV: 14    Int: 18    God:
Gold:   207        SH:  0    Dex: 23    Spells: 7/8 levels left

rFire   . . .        a - +1 sling
rCold   . . .        (no shield)
rNeg    . . .        c - +0 robe
rPois   .            h - +0 helmet
rElec   .            (no cloak)
rCorr   .            (no gloves)
SInv    .            (no boots)
Will    .....        (no amulet)
Stlth   ++           k - +6 ring of dexterity
HPRegen 0.24/turn    (no ring)
MPRegen 0.11/turn

%: no passive effects
@: no status effects
A: no striking features
a: no special abilities


You were on level 3 of the Dungeon.
You visited 1 branch of the dungeon, and saw 4 of its levels.

You collected 207 gold pieces.

Inventory:

Hand Weapons
 a - a +1 sling (weapon)
 l - a +1 whip of venom
 n - a +3 hand axe of freezing
Armour
 c - a +0 robe (worn)
 h - a +0 helmet (worn)
Jewellery
 k - a +6 ring of dexterity (left hand)
Scrolls
 b - a scroll of poison
 d - 5 scrolls of identify {unknown}
 e - a scroll of enchant armour {unknown}
 f - 3 scrolls of teleportation {unknown}
 g - a scroll of fog {unknown}
 i - a scroll of fear {unknown}
 j - a scroll of amnesia {unknown}
 p - a scroll of vulnerability {unknown}
Potions
 m - a potion of cancellation {unknown}
 o - 2 potions of berserk rage {unknown}


   Skills:
 - Level 1.0 Fighting
 * Level 4.1 Ranged Weapons
 - Level 1.0 Armour
 + Level 3.1 Dodging
 + Level 2.5 Spellcasting
 + Level 4.5 Hexes


You had 7 spell levels left.
You knew the following spells:

 Your Spells              Type           Power      Damage    Failure   Level
a - Slow                  Hex            72%        N/A       2%          1

Your spell library contained the following spells:

 Spells                   Type           Power      Damage    Failure   Level
 Dazzling Flash           Conj/Hex       20%        N/A       21%         3
 Inner Flame              Hex/Fire       10%        N/A       21%         3
 Portal Projectile        Hex/Tloc       20%        N/A       21%         3
 Cigotuvi's Dreadful Rot  Necr/Pois/Air  4%         N/A       26%         2
 Cause Fear               Hex            9%         N/A       26%         4
 Dispel Undead            Necr           2%         3d7       86%         4
 Silence                  Hex/Air        5%         N/A       88%         5
 Agony                    Necr           2%         N/A       99%         5
 Death Channel            Necr           1%         N/A       100%        6


Dungeon Overview and Level Annotations

Branches:
Dungeon (4/15) Zot: 22041
 Temple: D:4-7

Altars:
Nemelex Xobeh
Uskayaw

Annotations:
D:2 1 runed translucent door, Crazy Yiuf


Message History

The white imp shouts, "Scamper hence, thou bumbling fool-headed bloater!"
You shoot a sling bullet. The sling bullet hits the jackal!
You kill the jackal!
You shoot a sling bullet.
The sling bullet barely misses the white imp.
You shoot a sling bullet. The sling bullet hits the white imp.
The white imp is moderately wounded.
A quokka comes into view.
You shoot a sling bullet.
The sling bullet hits the white imp but does no damage.
The white imp is moderately wounded.
You shoot a sling bullet.
The sling bullet hits the white imp but does no damage.
The white imp is moderately wounded.
The white imp gestures at you. The puff of frost hits you.
You shoot a sling bullet.
The sling bullet barely misses the white imp.
The white imp hits you but does no damage.
The white imp shouts, "Slither away, thou featherweight half-faced bounder!"
The white imp misses you. The white imp closely misses you.
You climb upwards.
There is a stone staircase leading down here.
You shoot a sling bullet.
The sling bullet hits the white imp but does no damage.
The white imp is lightly wounded.
The white imp gestures at you. The puff of frost hits you!
You shoot a sling bullet. The sling bullet hits the white imp.
The white imp is heavily wounded.
The white imp hits you.
* * * LOW HITPOINT WARNING * * *
The white imp freezes you.
* * * LOW HITPOINT WARNING * * *
You shoot a sling bullet.
The sling bullet closely misses the white imp.
The white imp gestures at you. The puff of frost hits you.
You die...

............# #.............###
............### ######'######....
......####....#### ########'''#
#.....# ####....############...#
......# #.)..##).####°###...#
.#'#### #....##..###○○§##.⌠.#
.#.# #....##..##..○..#...#
.#.##########....##..###...##...#
##..........'...@'...####.###...#
#############..5.###.########...#
# #......#.#⌠......._.. #
#......##########...# ###....#
#.○○..#...# #....# #.☼...#...#
####.# #.○§☼.#...# #.#
#..○§.#.⌠.# #.# #.....#...#


You could see a white imp.

Vanquished Creatures
  2 adders (D:2)
  A worm (D:3)
  3 dart slugs
  2 orcs
  3 endoplasms
  5 giant cockroaches
  7 goblins
  4 hobgoblins
  6 jackals
  3 kobolds
  A quokka (D:1)
  4 ball pythons
  3 bats
  2 frilled lizards (D:2)
  4 rats
50 creatures vanquished.

Notes
Turn   | Place    | Note
-------+----------+-------------------------------------------
     0 | D:1      | SacredBeard the Deep Elf Hexslinger began the quest for the
                  | Orb.
     0 | D:1      | Reached XP level 1. HP: 11/11 MP: 5/5
   123 | D:1      | Found a faded altar of an unknown god.
   177 | D:1      | Reached skill level 1 in Fighting
   177 | D:1      | Reached XP level 2. HP: 16/16 MP: 6/6
   578 | D:2      | Reached XP level 3. HP: 15/20 MP: 8/8
   601 | D:2      | HP: 1/20 [poisoned by an adder]
   977 | D:2      | Reached skill level 1 in Armour
  1096 | D:2      | Found a runed translucent door.
  1097 | D:2      | Noticed Crazy Yiuf
  1363 | D:3      | Reached XP level 4. HP: 25/25 MP: 9/9
  1397 | D:3      | Found a hide-covered altar of Uskayaw.
  1505 | D:3      | Found a sparkling altar of Nemelex Xobeh.
  1921 | D:3      | Killed from afar by a white imp

Illustrated notes

Levels and vault maps discovered:
D:1:      amcnicky_arrival_feature_with_door, layout_rooms,
          dreamdust_ecumenical_altar_grove
D:2:      layout_basic, uniq_crazy_yiuf_cottage
D:3:      layout_basic, old_standard_altar, nemelex_altar_shiori, minivault_5,
          dreamdust_wishing_well
D:4:      layout_cave_pools, mainiacjoe_overflow_cross_hatched, serial_shops,
          nicolae_shop_real_fake_doors, dilly_guarded_unrand_devastator

Skill      XL: |  1  2  3 |
---------------+----------+-----
Ranged Weapons | 3 4 |  4.1
Fighting       | 1 |  1.0
Spellcasting   | 2 |  2.5
Dodging        | 3 |  3.1
Armour         | 1 |  1.0
Hexes          | |  4.5

Action                     |  1- 3 |  4- 6 || total
---------------------------+-------+-------++-------
   Fire: Sling             |   126 |    40 ||   166
   Cast: Slow              |     6 |       ||     6
    Use: Potion            |     1 |       ||     1
 Armour: Robe              |     6 |     2 ||     8
  Dodge: Dodged            |    36 |     4 ||    40
